 Dungeon Sprint DCSS version 0.31-a0-986-g5e6e4ef867 (webtiles) character file.

Game seed: 2147159018053869849

51 rocky1 the Poker (level 3, -6/29 HPs)
             Began as a Merfolk Gladiator on Nov 24, 2023.
             Mangled by a water elemental (19 damage)
             ... in the Dungeon (Sprint III: "The Ten Rune Challenge").
             The game lasted 00:00:47 (282 turns).

rocky1 the Poker (Merfolk Gladiator)                 Turns: 282, Time: 00:00:47

Health: -6/29      AC:  4    Str: 14    XL:     3   Next: 81%
Magic:  4/4        EV: 15    Int:  7    God:
Gold:   23         SH:  0    Dex: 17    Spells: 1/3 levels left

rFire   . . .        a - +0 trident
rCold   . . .        (no shield)
rNeg    . . .        b - +0 leather armour
rPois   .            c - +0 helmet
rElec   .            (no cloak)
rCorr   .            (no gloves)
SInv    .            (no boots)
Will    .....        (no amulet)
Stlth   +            (no ring)
HPRegen 0.24/turn    (no ring)
MPRegen 0.09/turn

%: no teleportation
@: engulfed
A: (nimble swimmer 2), mertail
a: no special abilities


You were in the Dungeon.
You visited 1 branch You collected 23 gold pieces.

Inventory:

Hand Weapons
 a - a +0 trident (weapon)
Missiles
 d - 3 throwing nets (quivered)
 e - a javelin
Armour
 b - a +0 leather armour (worn)
 c - a +0 helmet (worn)
Scrolls
 k - a scroll of blinking
 m - 2 scrolls of torment {unknown}
 n - 2 scrolls of identify {unknown}
Potions
 f - 2 potions of curing
 g - a potion of heal wounds
 h - a potion of haste
 i - 2 potions of magic
 j - a potion of berserk rage
 l - 3 potions of mutation {unknown}
 o - 4 potions of enlightenment


   Skills:
 + Level 3.2 Fighting
 + Level 7.1 Polearms
 + Level 2.5 Throwing
 + Level 0.1 Armour
 + Level 6.8 Dodging
 + Level 0.3 Stealth
 * Level 0.8 Spellcasting
 * Level 1.4 Transmutations


You had one spell level left.
You knew the following spells:

 Your Spells              Type           Power      Damage    Failure   Level
a - Wereblood             Tmut           2%         N/A       43%         2

Your spell library contained the following spells:

 Spells                   Type           Power      Damage    Failure   Level
 Sublimation of Blood     Necr           0%         N/A       63%         2
 Summon Hydra             Summ           0%         N/A       100%        7


Dungeon Overview and Level Annotations

Branches:
Dungeon (1/1)

Altars:


Innate Abilities, Weirdness & Mutations

((You are very nimble when in or above water. (Stealth+, EV+, Speed+++)))
Your lower body shifts to a powerful aquatic tail in water.


Message History

You open the door.
A water elemental comes into view.
You reach to attack!
You hit the water elemental.
The water elemental is lightly damaged.
You hit the water elemental but do no damage.
The water elemental is lightly damaged.
The water elemental closely misses you.
You barely miss the water elemental.
You punch the water elemental, but do no damage.
The water elemental is lightly damaged.
The water elemental hits you.
The water elemental engulfs you in water!
You hit the water elemental.
The water elemental is moderately damaged.
The water elemental closely misses you.
You closely miss the water elemental.
The water elemental is moderately damaged.
The water elemental hits you!
You hit the water elemental.
The water elemental is heavily damaged.
The water elemental barely misses you.
Unknown command.
You barely miss the water elemental.
The water elemental is heavily damaged.
The water elemental misses you.
You hit the water elemental.
The water elemental is severely damaged.
The water elemental hits you.
Unknown command.
You hit the water elemental.
The water elemental is severely damaged.
The water elemental misses you.
You barely miss the water elemental.
The water elemental is severely damaged.
The water elemental closely misses you.
You hit the water elemental but do no damage.
The water elemental is severely damaged.
The water elemental hits you!!
Ouch! That really hurt!
You die...

▓▓▓▓▓▓▓▓▓▓▓▓ ▓▓▓
<.#..'...♣.♣♣ ♣.#
..#..#....♣.♣ ♣.#
#'####.....♣♣ ♣.#
...†.#....~.♣♣♣♣.# #+#+#
†....#...~~♣♣....#......
....)#..~~~~.♣♣♣@E.⌠....
####†#..†≈≈~~~.♣.#...###
.....#.~~≈~~~....# ⌠.#
....)#.~≈~~~.....# .#
.....#.~~~.......# #
'#####...........#
.................#
▓▓▓▓▓▓▓▓▓▓▓▓▓▓▓▓▓▓


You could see a water elemental.

Vanquished Creatures
  Jessica (D)
  A human (D)
  A phantom (D)
  3 rats (D)
6 creatures vanquished.

Notes
Turn   | Place    | Note
-------+----------+-------------------------------------------
     0 | D        | rocky1 the Merfolk Gladiator began the quest for the Orb.
     0 | D        | Reached XP level 1. HP: 16/16 MP: 1/1
    12 | D        | Noticed Jessica
    20 | D        | Killed Jessica
    21 | D        | Reached skill level 6 in Polearms
    21 | D        | Reached XP level 2. HP: 7/24 MP: 2/2
    21 | D        | Reached XP level 3. HP: 8/29 MP: 3/3
   109 | D        | Learned a level 2 spell: Wereblood
   220 | D        | Reached skill level 7 in Polearms
   220 | D        | Reached skill level 1 in Transmutations
   271 | D        | Noticed a water elemental
   282 | D        | Mangled by a water elemental

Illustrated notes

Levels and vault maps discovered:
D:        dungeon_sprint_mu [sprint_mu_entry_forest, sprint_mu_temple_rooms,
          sprint_mu_d1_horrors, sprint_mu_d2_genie, sprint_mu_d3_branching,
          sprint_mu_orc_legion, sprint_mu_elf_gauntlet, sprint_mu_hive_nellie,
          sprint_mu_lair_fedhas, sprint_mu_vaults_butterflies,
          sprint_mu_slime_circle, sprint_mu_swamp_cave, sprint_mu_snake_twists,
          sprint_mu_blade_basic, sprint_mu_crypt_lich, sprint_mu_tomb_spiral,
          sprint_mu_vestibule_basic, sprint_mu_gehenna_hellfire,
          sprint_mu_dis_giant, sprint_mu_tartarus_statrot,
          sprint_mu_cocytus_islands, sprint_mu_zot1]

Skill      XL: |  1  2  3 |
---------------+----------+-----
Fighting       | 3 |  3.2
Polearms       | 6 7 |  7.1
Dodging        | 6 |  6.8
Transmutations | 1 |  1.4
Throwing       | |  2.5
Armour         | |  0.1
Stealth        | |  0.3
Spellcasting   | |  0.8

Action                     || total
---------------------------++-------
  Melee: Trident           ||    40
         Tailslap          ||     3
         Punch             ||     2
   Stab: Sleeping          ||     1
 Armour: Leather armour    ||     8
  Dodge: Dodged            ||    16

Table legend: (Time is in decaauts)
 A = Elapsed time spent in this place.
 B = Non-inter-level travel time spent in this place.
 C = Inter-level travel time spent in this place.
 D = Time resting spent in this place.
 E = Time spent auto-exploring this place.
 F = Levels seen in this place.
 G = Mean time per level.
                   A        B        C        D        E       F      G
               +--------+--------+--------+--------+--------+-----+--------+
         Total |    275 |    275 |      0 |    159 |      3 |   1 |  275.0 |
       Dungeon |    275 |    275 |      0 |    159 |      3 |   1 |  275.0 |
               +--------+--------+--------+--------+--------+-----+--------+

Top non-repeatable levels by time:
       D: 275 daAuts
